 Dungeon Sprint DCSS version 0.31-a0-981-geadf994542 (webtiles) character file.

Game seed: 11035138790728129408

3752 rocky1 the Impaler (level 9, 0/93 HPs)
             Began as a Minotaur Fighter on Nov 1, 2023.
             Was a High Priest of Okawaru.
             Slain by Sigmund
             ... wielding a +0 scythe of distortion
              (5 damage)
             ... in the Dungeon (Sprint III: "The Ten Rune Challenge").
             The game lasted 00:03:53 (1716 turns).

rocky1 the Impaler (Minotaur Fighter)               Turns: 1716, Time: 00:03:54

Health: 0/93       AC: 10    Str: 24    XL:     9   Next: 93%
Magic:  8/13       EV: 13    Int:  5    God:    Okawaru [*****.]
Gold:   38         SH:  7    Dex: 11    Spells: 8/8 levels left

rFire   . . .        a - +0 trident
rCold   . . .        c - +0 buckler
rNeg    . . .        k - +0 scale mail
rPois   .            (helmet restricted)
rElec   .            (no cloak)
rCorr   .            (no gloves)
SInv    .            (no boots)
Will    +....        (no amulet)
Stlth   ++           (no ring)
HPRegen 0.35/turn    (no ring)
MPRegen 0.13/turn

%: no teleportation
@: heroic, finesse-ful, enlightened, flying, slowed, very slow
A: horns 2, retaliatory headbutt
a: Renounce Religion, Heroism, Finesse


You were in the Dungeon.
You worshipped Okawaru.
Okawaru was extremely pleased with you.
You visited 1 branch You collected 38 gold pieces.

Inventory:

Hand Weapons
 a - a +0 trident (weapon)
 b - a +0 sling
Armour
 c - a +0 buckler (worn)
 k - a +0 scale mail (worn)
Scrolls
 j - a scroll of blinking
 m - a scroll of poison {unknown}
 n - a scroll of vulnerability {unknown}
 p - a scroll of torment {unknown}
 q - a scroll of identify {unknown}
Potions
 h - 2 potions of magic
 l - 6 potions of mutation
 o - a potion of enlightenment
Miscellaneous
 f - a box of beasts


   Skills:
 + Level 13.4(18.4) Fighting
 + Level 15.6(20.6) Polearms
 + Level 5.0(10.0) Ranged Weapons
 + Level 13.2(18.2) Armour
 + Level 3.0(8.0) Dodging
 - Level 1.6(6.6) Stealth
 + Level 9.9(14.9) Shields
 * Level 6.7 Invocations


You had 8 spell levels left.
You didn't know any spells.
Your spell library contained the following spells:

 Spells                   Type           Power      Damage    Failure   Level
 Freeze                   Ice            0%         1d3       71%         1
 Magic Dart               Conj           0%         1d3       71%         1
 Frozen Ramparts          Ice            0%         1d1       97%         3
 Hailstorm                Conj/Ice       0%         3d3       97%         3
 Mephitic Cloud           Conj/Pois/Air  0%         N/A       97%         3
 Call Imp                 Summ           Unusable   N/A       N/A         2

Dungeon Overview and Level Annotations

Branches:
Dungeon (1/1)

Altars:
Cheibriados
Dithmenos
Elyvilon
Fedhas
Gozag
Hepliaklqana
Kikubaaqudgha
Makhleb
Nemelex Xobeh
Okawaru
Qazlal
Ru
Sif Muna
Trog
Uskayaw
Vehumet
Wu Jian
Xom
Yredelemnul
Zin
The Shining One
Jiyva
Lugonu

Annotations:
D Sigmund


Innate Abilities, Weirdness & Mutations

You have a pair of horns on your head.
You reflexively headbutt those who attack you in melee.


Message History

Unknown command.
You feel much better. Edmund drops a net on you.
You become entangled in the net!
You feel better.
Edmund throws a curare-tipped dart.
The curare-tipped dart hits you.
You are poisoned.
You have difficulty breathing.
* * * LOW HITPOINT WARNING * * *
You feel yourself slow down.
You tear a large gash into the net.
* * * LOW HITPOINT WARNING * * *
You feel very sick.
You shred the net and break free!
You feel very sick.
Edmund throws a curare-tipped dart.
You block the curare-tipped dart.
It was a potion of enlightenment.
You feel very buoyant.
You fly up into the air.
You feel very sick.
Edmund throws a curare-tipped dart.
You feel sick. Something hits you but does no damage.
You block Edmund's attack.
You closely miss something. You impale something!! You headbutt something!
You feel sick. Edmund barely misses you.
You hit something. Something barely misses you.
You closely miss something. You puncture something!
You feel sick. Edmund completely misses you. You furiously retaliate!
You headbutt Edmund! You hit something. You hit something.
You feel sick. Edmund hits you but does no damage.
You impale Edmund!!
You kill Edmund!
Okawaru is honoured by your kill.
Your base Dodging skill increases to level 3!
Unknown command.
You hit something.
You feel sick.
You are no longer poisoned.
Something hits you.
You die...

# # # # # #
#+#####################
#....#.#.#.....#...^^^+
##.#..#.##.###.#@...^.#
'##.#.#)##)#.)##{)....#
#.).#..#..##..'^...^..#
▓▓▓▓▓▓▓▓▓▓▓▓▓▓#..^....#
........~~~...#.......#
≈≈≈≈≈≈≈≈≈≈♣♣P.'.......#
♣♣♣♣♣♣♣♣♣♣♣♣PP#^.^...^#
♣♣♣##'###### #...+


There were no monsters in sight!

Vanquished Creatures
  Erolcha (D)
  A deep elf pyromancer (D)
  Edmund (D)
  3 wandering mushrooms (D)
  A shadow (D)
  2 redbacks (D)
  A spatial vortex (D)
  5 two-headed ogres (D)
  A necrophage (D)
  A water elemental (D)
  A jelly (D)
  An arcanist (D)
  A necromancer (D)
  3 humans (D)
  A kobold demonologist (D)
  A phantom (D)
  2 endoplasms (D)
  2 rats (D)
29 creatures vanquished.

Notes
Turn   | Place    | Note
-------+----------+-------------------------------------------
     0 | D        | rocky1 the Minotaur Fighter began the quest for the Orb.
     0 | D        | Reached XP level 1. HP: 19/19 MP: 0/0
    69 | D        | Reached skill level 5 in Fighting
    69 | D        | Reached skill level 3 in Polearms
    69 | D        | Reached skill level 5 in Armour
    69 | D        | Reached XP level 2. HP: 12/29 MP: 1/1
   143 | D        | Reached skill level 5 in Shields
   165 | D        | Noticed a water elemental
   168 | D        | Killed a water elemental
   169 | D        | Reached skill level 4 in Polearms
   169 | D        | Reached skill level 1 in Ranged Weapons
   169 | D        | Reached XP level 3. HP: 38/38 MP: 2/2
   169 | D        | Reached XP level 4. HP: 45/45 MP: 3/3
   437 | D        | Found a hide-covered altar of Uskayaw.
   437 | D        | Found an iron altar of Okawaru.
   437 | D        | Found a bloodstained altar of Trog.
   437 | D        | Found an ornate altar of the Wu Jian Council.
   437 | D        | Noticed a human
   437 | D        | Noticed a human
   447 | D        | Killed a human
   448 | D        | Reached skill level 6 in Polearms
   448 | D        | Reached XP level 5. HP: 40/53 MP: 4/4
   452 | D        | Killed a human
   453 | D        | Reached skill level 8 in Polearms
   453 | D        | Reached XP level 6. HP: 33/63 MP: 5/5
   457 | D        | Became a worshipper of Warmaster Okawaru
   462 | D        | Found a glowing silver altar of Zin.
   462 | D        | Found a glowing golden altar of the Shining One.
   462 | D        | Found a white marble altar of Elyvilon.
   462 | D        | Noticed a deep elf pyromancer
   470 | D        | Killed a deep elf pyromancer
   470 | D        | Reached * piety under Okawaru
   470 | D        | Reached ** piety under Okawaru
   471 | D        | Reached skill level 10 in Fighting
   471 | D        | Reached skill level 10 in Polearms
   471 | D        | Reached skill level 10 in Armour
   471 | D        | Reached skill level 1 in Dodging
   471 | D        | Reached skill level 1 in Stealth
   471 | D        | Reached XP level 7. HP: 63/73 MP: 6/6
   475 | D        | Found a radiant altar of Vehumet.
   475 | D        | Found a shimmering blue altar of Sif Muna.
   475 | D        | Found an ancient bone altar of Kikubaaqudgha.
   504 | D        | Found a basalt altar of Yredelemnul.
   504 | D        | Found a shadowy altar of Dithmenos.
   504 | D        | Found a sacrificial altar of Ru.
   509 | D        | Reached skill level 11 in Polearms
   602 | D        | Noticed a shadow
   607 | D        | Killed a shadow
   608 | D        | Reached XP level 8. HP: 79/82 MP: 7/7
   673 | D        | Found a blossoming altar of Fedhas.
   673 | D        | Found a stormy altar of Qazlal.
   673 | D        | Found a snail-covered altar of Cheibriados.
   673 | D        | Found a burning altar of Makhleb.
   673 | D        | Found a shimmering altar of Xom.
   674 | D        | Found a hazy altar of Hepliaklqana.
   674 | D        | Found an opulent altar of Gozag.
   674 | D        | Found a sparkling altar of Nemelex Xobeh.
   674 | D        | Found a corrupted altar of Lugonu.
   674 | D        | Found a viscous altar of Jiyva.
   712 | D        | Reached skill level 12 in Polearms
   712 | D        | Reached skill level 1 in Invocations
  1116 | D        | Noticed a two-headed ogre
  1126 | D        | Killed a two-headed ogre
  1126 | D        | Reached *** piety under Okawaru
  1127 | D        | Reached skill level 13 in Polearms
  1276 | D        | Noticed a two-headed ogre
  1276 | D        | Noticed Erolcha
  1284 | D        | Killed Erolcha
  1284 | D        | Reached **** piety under Okawaru
  1285 | D        | Reached skill level 14 in Polearms
  1285 | D        | Reached XP level 9. HP: 77/92 MP: 7/11
  1291 | D        | Killed a two-headed ogre
  1292 | D        | Reached skill level 5 in Ranged Weapons
  1292 | D        | Reached skill level 5 in Invocations
  1518 | D        | Noticed a wandering mushroom
  1523 | D        | Noticed a wandering mushroom
  1542 | D        | Killed a wandering mushroom
  1542 | D        | Reached ***** piety under Okawaru
  1543 | D        | Noticed a wandering mushroom
  1554 | D        | Killed a wandering mushroom
  1555 | D        | Reached skill level 15 in Polearms
  1565 | D        | Killed a wandering mushroom
  1685 | D        | Noticed Sigmund
  1685 | D        | Noticed Edmund
  1701 | D        | HP: 1/93 [something (8)]
  1715 | D        | Killed Edmund
  1716 | D        | Slain by Sigmund

Illustrated notes

Levels and vault maps discovered:
D:        dungeon_sprint_mu [sprint_mu_entry_cave, sprint_mu_temple_rooms,
          sprint_mu_d1_spiders, sprint_mu_d2_genie, sprint_mu_d3_branching,
          sprint_mu_orc_legion, sprint_mu_elf_gauntlet, sprint_mu_hive_nellie,
          sprint_mu_lair_fedhas, sprint_mu_vaults_butterflies,
          sprint_mu_slime_circle, sprint_mu_swamp_cave, sprint_mu_shoals_kraken,
          sprint_mu_blade_basic, sprint_mu_crypt_fortress,
          sprint_mu_tomb_spiral, sprint_mu_vestibule_basic,
          sprint_mu_gehenna_hellfire, sprint_mu_dis_giant,
          sprint_mu_tartarus_statrot, sprint_mu_cocytus_islands, sprint_mu_zot1]

Skill      XL: |  1  2  3  4  5  6  7  8  9 |
---------------+----------------------------+-----
Fighting       | 5 6 8 9 10 11 12 13 | 13.4
Armour         | 5 6 8 9 10 12 13 | 13.2
Shields        | 4 5 7 8 9 |  9.9
Polearms       | 3 4 6 8 10 11 14 15 | 15.6
Ranged Weapons | 1 2 3 4 5 |  5.0
Dodging        | 1 2 3 |  3.0
Stealth        | 1 |  1.6
Invocations    | 4 6 |  6.7

Action                     |  1- 3 |  4- 6 |  7- 9 || total
---------------------------+-------+-------+-------++-------
  Melee: Trident           |    17 |    23 |   140 ||   180
         Headbutt          |     4 |     1 |    19 ||    24
   Fire: Sling             |     5 |       |     1 ||     6
 Invoke: Heroism           |       |       |     2 ||     2
         Finesse           |       |       |     1 ||     1
    Use: Potion            |     1 |     3 |     3 ||     7
 Armour: Scale mail        |     5 |     9 |    30 ||    44
  Dodge: Dodged            |     4 |     5 |    23 ||    32
  Block: Buckler           |     2 |     2 |    11 ||    15

Table legend: (Time is in decaauts)
 A = Elapsed time spent in this place.
 B = Non-inter-level travel time spent in this place.
 C = Inter-level travel time spent in this place.
 D = Time resting spent in this place.
 E = Time spent auto-exploring this place.
 F = Levels seen in this place.
 G = Mean time per level.
                   A        B        C        D        E       F      G
               +--------+--------+--------+--------+--------+-----+--------+
         Total |   1669 |   1669 |      0 |   1264 |     19 |   1 | 1669.0 |
       Dungeon |   1669 |   1669 |      0 |   1264 |     19 |   1 | 1669.0 |
               +--------+--------+--------+--------+--------+-----+--------+

Top non-repeatable levels by time:
       D: 1669 daAuts
